[Event "Azerbaijan Championship 2021"]
[Site "Nakhchivan"]
[Date "2021.05.04"]
[Round "1.4"]
[White "Iskandarov, Misratdin"]
[Black "Gadimbayli, Abdulla"]
[Result "1/2-1/2"]
[ECO "A40"]
[WhiteElo "2535"]
[BlackElo "2470"]
[Annotator "ChessBase"]
[PlyCount "120"]
[EventDate "2021.05.04"]
[EventType "tourn"]
[EventCountry "AZE"]
[SourceTitle "playchess.com"]
[Source "ChessBase"]
[SourceQuality "1"]
[TimeControl "40/5400+30:1800+30"]

1. d4 Nf6 2. c4 e6 3. g3 d5 4. Nf3 Bb4+ 5. Bd2 Be7 6. Bg2 O-O 7. O-O c6 8. Qc2 b6 9. b3 Bb7 10. Nc3 Nbd7 11. e4 dxe4 12. Nxe4 c5 13. Nxf6+ Bxf6 14. Ng5 Bxg5 15. Bxb7 Rb8 16. Bxg5 Qxg5 17. Bc6 Rfd8 18. Rad1 Nf6 19. dxc5 Qxc5 20. Bf3 b5 21. Rxd8+ Rxd8 22. Rd1 Rxd1+ 23. Qxd1 bxc4 24. bxc4 g6 25. Qa4 Kf8 26. Qb5 Qxb5 27. cxb5 Ke7 28. a4 Nd5 29. a5 Kd6 30. Kg2 Kc5 31. b6 axb6 32. axb6 Nxb6 33. h4 h6 34. Bd1 Kd4 35. Bf3 Nd5 36. Be2 e5 37. Bb5 f5 38. Be8 g5 39. hxg5 hxg5 40. Bd7 f4 41. gxf4 gxf4 42. Bc6 Nb4 43. Bb5 Nd3 44. Ba6 e4 45. Bb5 Kc3 46. Bc6 Kd4 47. Bb5 Ne1+ 48. Kf1 Nf3 49. Kg2 Ng5 50. Bc6 Kd3 51. Bb5+ Kd2 52. Bc6 Ke2 53. Bb5+ Ke1 54. Bc6 Ke2 55. Bb5+ Kd2 56. Bc6 e3 57. fxe3 fxe3 58. Bb5 Ne6 59. Kg3 Nc5 60. Bf1 e2 1/2-1/2

[Event "Azerbaijan Championship 2021"]
[Site "Nakhchivan"]
[Date "2021.05.04"]
[Round "1.5"]
[White "Abbasov, Farid"]
[Black "Muradli, Mahammad"]
[Result "1/2-1/2"]
[ECO "E04"]
[WhiteElo "2528"]
[BlackElo "2449"]
[Annotator "ChessBase"]
[PlyCount "99"]
[EventDate "2021.05.04"]
[EventType "tourn"]
[EventCountry "AZE"]
[SourceTitle "playchess.com"]
[Source "ChessBase"]
[SourceQuality "1"]
[TimeControl "40/5400+30:1800+30"]

1. d4 Nf6 2. c4 e6 3. Nf3 d5 4. g3 dxc4 5. Bg2 Bb4+ 6. Bd2 a5 7. Qc2 Bxd2+ 8. Qxd2 c6 9. a4 Ne4 10. Qc2 Nd6 11. Na3 Na6 12. Nxc4 Nb4 13. Nxd6+ Qxd6 14. Qd2 b6 15. O-O Ba6 16. Rfc1 O-O 17. Ne5 Rac8 18. Nc4 Bxc4 19. Rxc4 c5 20. Qc1 Rfd8 21. Bf3 h6 22. Kg2 Kf8 23. Ra3 Ke7 24. h4 Rc7 25. dxc5 Rxc5 26. Rxc5 Qxc5 27. Rc3 Qe5 28. Rc7+ Rd7 29. Rc8 Na6 30. Qc4 Nb4 31. b3 g5 32. hxg5 hxg5 33. Qc1 Qg7 34. Rc4 f5 35. g4 Qf6 36. Qe3 fxg4 37. Rxg4 Nc2 38. Qxg5 Qxg5 39. Rxg5 Nd4 40. e3 Kf6 41. Rg8 Nxb3 42. Rb8 Rd6 43. Be2 Nc5 44. Bb5 Ne4 45. f4 Nc3 46. Kf3 e5 47. e4 exf4 48. Kxf4 Re6 49. e5+ Rxe5 50. Rxb6+ 1/2-1/2

[Event "Azerbaijan Championship 2021"]
[Site "Nakhchivan"]
[Date "2021.05.05"]
[Round "2.1"]
[White "Safarli, Eltaj"]
[Black "Garayev, Kanan"]
[Result "1/2-1/2"]
[ECO "C07"]
[WhiteElo "2598"]
[BlackElo "2331"]
[Annotator "ChessBase"]
[PlyCount "90"]
[EventDate "2021.05.04"]
[EventType "tourn"]
[EventCountry "AZE"]
[SourceTitle "playchess.com"]
[Source "ChessBase"]
[SourceQuality "1"]
[TimeControl "40/5400+30:1800+30"]

1. e4 e6 2. d4 d5 3. Nd2 c5 4. exd5 Qxd5 5. Ngf3 cxd4 6. Bc4 Qd7 7. O-O Nc6 8. Nb3 a6 9. Nbxd4 Nxd4 10. Qxd4 Qxd4 11. Nxd4 Nf6 12. Be2 e5 13. Nb3 Bf5 14. Na5 O-O-O 15. Nc4 Bc5 16. Bg5 Rhe8 17. Rad1 Rxd1 18. Rxd1 Ne4 19. Be3 Bxe3 20. Nxe3 Be6 21. Bd3 Nc5 22. Nf5 Bxf5 23. Bxf5+ Kc7 24. b4 Ne6 25. c3 g6 26. Bc2 Rd8 27. Rxd8 Nxd8 28. f3 Kd6 29. Kf2 Ne6 30. Ke3 f5 31. g4 fxg4 32. fxg4 Nf4 33. c4 b6 34. Be4 Ne6 35. Bb7 Nd4 36. c5+ bxc5 37. bxc5+ Kxc5 38. Ke4 h5 39. h3 Kd6 40. Bxa6 hxg4 41. hxg4 Ne6 42. Bb5 Nc5+ 43. Kf3 Kc7 44. g5 Ne6 45. Kg4 e4 1/2-1/2

[Event "Azerbaijan Championship 2021"]
[Site "Nakhchivan"]
[Date "2021.05.05"]
[Round "2.2"]
[White "Muradli, Mahammad"]
[Black "Iskandarov, Misratdin"]
[Result "1/2-1/2"]
[ECO "E73"]
[WhiteElo "2449"]
[BlackElo "2535"]
[Annotator "ChessBase"]
[PlyCount "161"]
[EventDate "2021.05.04"]
[EventType "tourn"]
[EventCountry "AZE"]
[SourceTitle "playchess.com"]
[Source "ChessBase"]
[SourceQuality "1"]
[TimeControl "40/5400+30:1800+30"]

1. d4 Nf6 2. c4 g6 3. Nc3 Bg7 4. e4 d6 5. Be2 O-O 6. Be3 e5 7. d5 Na6 8. g4 Nc5 9. f3 h5 10. h4 hxg4 11. b4 gxf3 12. Bxf3 Ncxe4 13. Nxe4 Nxe4 14. Bxe4 f5 15. Bg5 Bf6 16. Bxf6 Qxf6 17. Bc2 e4 18. Ne2 f4 19. Qd4 f3 20. Qxf6 Rxf6 21. Ng3 e3 22. Nf1 f2+ 23. Ke2 Bg4+ 24. Kxe3 Re8+ 25. Kd4 Rf4+ 26. Kc3 Re1 27. Nh2 Rxh1 28. Rxh1 Bh5 29. Rc1 Rxh4 30. Nf1 Be2 31. Kd2 Bxc4 32. a3 g5 33. Bd3 Bxd5 34. Rxc7 Rh3 35. Ke2 Kf8 36. Ne3 Be4 37. Rc3 Rf3 38. Rc1 d5 39. Bxe4 dxe4 40. Ng4 Rxa3 41. Nxf2 Ra4 42. Rc8+ Ke7 43. Rc7+ Kd6 44. Rxb7 Kc6 45. Rb8 Kc7 46. Rb5 Kc6 47. Rxg5 Rxb4 48. Ke3 Rb5 49. Rg7 Rb3+ 50. Kxe4 a5 51. Nd3 a4 52. Kd4 Rb1 53. Kc4 Rh1 54. Rg6+ Kc7 55. Nc5 a3 56. Ra6 Rc1+ 57. Kb4 Rb1+ 58. Nb3 a2 59. Rxa2 Kd6 60. Ra5 Rh1 61. Kc4 Rg1 62. Rd5+ Ke7 63. Nc5 Rc1+ 64. Kb5 Rb1+ 65. Kc6 Rc1 66. Rf5 Rc2 67. Kd5 Rd2+ 68. Ke5 Re2+ 69. Ne4 Ra2 70. Nc3 Ra1 71. Nd5+ Kd7 72. Rf7+ Kc6 73. Rc7+ Kb5 74. Rc8 Rh1 75. Nc3+ Kb6 76. Ne4 Rh5+ 77. Kd4 Rh4 78. Rc1 Kb5 79. Rc5+ Kb6 80. Rc4 Kb5 81. Rc5+ 1/2-1/2

[Event "Azerbaijan Championship 2021"]
[Site "Nakhchivan"]
[Date "2021.05.05"]
[Round "2.4"]
[White "Suleymanli, Aydin"]
[Black "Gadimbayli, Abdulla"]
[Result "1-0"]
[ECO "D11"]
[WhiteElo "2520"]
[BlackElo "2470"]
[Annotator "ChessBase"]
[PlyCount "137"]
[EventDate "2021.05.04"]
[EventType "tourn"]
[EventCountry "AZE"]
[SourceTitle "playchess.com"]
[Source "ChessBase"]
[SourceQuality "1"]
[TimeControl "40/5400+30:1800+30"]

1. d4 d5 2. c4 c6 3. Nf3 Nf6 4. e3 g6 5. Nc3 Bg7 6. b4 O-O 7. Bb2 Bg4 8. Qb3 dxc4 9. Bxc4 b5 10. Be2 a5 11. bxa5 Qxa5 12. a3 Nbd7 13. O-O e6 14. Rfc1 Rfc8 15. h3 Bxf3 16. Bxf3 Nd5 17. Ne4 Bf8 18. Nc5 Nxc5 19. dxc5 Bg7 20. e4 Bxb2 21. Qxb2 Nc7 22. h4 Na6 23. h5 Qd8 24. Qc3 Qg5 25. e5 Nc7 26. Bxc6 Ra4 27. hxg6 hxg6 28. Bb7 Rb8 29. Bf3 Kg7 30. Rab1 Rf4 31. g3 Rc4 32. Qe1 Ra4 33. Rc3 Rd8 34. Rb4 Rd4 35. Rxa4 Rxa4 36. c6 Qd8 37. Qe3 Rd4 38. Kg2 Rd2 39. Be4 Qd4 40. Qxd4 Rxd4 41. Kf3 Ra4 42. Bc2 Ra8 43. Be4 Ra4 44. Ke3 Kf8 45. Rd3 Na6 46. Rd8+ Ke7 47. Rd7+ Ke8 48. Rb7 Rxa3+ 49. Kf4 b4 50. Kg5 b3 51. Rb8+ Ke7 52. f3 Ra5 53. Rb7+ Kd8 54. Rxb3 Nc5 55. Rb4 Ra3 56. g4 Nxe4+ 57. fxe4 Rf3 58. Rb7 Kc8 59. Rd7 Rf1 60. Kh6 Rf4 61. g5 Rh4+ 62. Kg7 Rg4 63. Kxf7 Rxg5 64. Kxe6 Rg1 65. Kf7 Rf1+ 66. Ke8 Rf4 67. e6 g5 68. Rg7 g4 69. e5 1-0

[Event "Azerbaijan Championship 2021"]
[Site "Nakhchivan"]
[Date "2021.05.07"]
[Round "4.4"]
[White "Safarli, Eltaj"]
[Black "Iskandarov, Misratdin"]
[Result "1/2-1/2"]
[ECO "C80"]
[WhiteElo "2598"]
[BlackElo "2535"]
[Annotator "ChessBase"]
[PlyCount "94"]
[EventDate "2021.05.04"]
[EventType "tourn"]
[EventCountry "AZE"]
[SourceTitle "playchess.com"]
[Source "ChessBase"]
[SourceQuality "1"]
[TimeControl "40/5400+30:1800+30"]

1. e4 e5 2. Nf3 Nc6 3. Bb5 a6 4. Ba4 Nf6 5. O-O Nxe4 6. d4 b5 7. Bb3 d5 8. Nxe5 Nxe5 9. dxe5 Be6 10. Nd2 Nxd2 11. Qxd2 c6 12. Qf4 h5 13. c3 Be7 14. Bc2 Qd7 15. Qg3 h4 16. Qf3 Bg4 17. Qd3 g6 18. h3 Bf5 19. Qd4 Qa7 20. Qd1 Bxc2 21. Qxc2 Qd7 22. a4 O-O 23. Be3 Qe6 24. f4 Qf5 25. Qf2 Rfb8 26. Bc5 Bxc5 27. Qxc5 bxa4 28. Qxc6 Qe6 29. Qxe6 fxe6 30. Rf2 Rb6 31. Rxa4 Rab8 32. b4 Rc8 33. Rfa2 Rcc6 34. Kf2 Kg7 35. R2a3 g5 36. f5 exf5 37. Ra5 d4 38. cxd4 Rxb4 39. Ke3 Rb2 40. Rxa6 Rxa6 41. Rxa6 Rb3+ 42. Kf2 Rb2+ 43. Kg1 Rb1+ 44. Kh2 Rd1 45. Rf6 Rxd4 46. Rxf5 Kg6 47. Rf6+ Kg7 1/2-1/2

[Event "Azerbaijan Championship 2021"]
[Site "Nakhchivan"]
[Date "2021.05.07"]
[Round "4.5"]
[White "Suleymanli, Aydin"]
[Black "Muradli, Mahammad"]
[Result "1/2-1/2"]
[ECO "E21"]
[WhiteElo "2520"]
[BlackElo "2449"]
[Annotator "ChessBase"]
[PlyCount "100"]
[EventDate "2021.05.04"]
[EventType "tourn"]
[EventCountry "AZE"]
[SourceTitle "playchess.com"]
[Source "ChessBase"]
[SourceQuality "1"]
[TimeControl "40/5400+30:1800+30"]

1. d4 Nf6 2. c4 e6 3. Nc3 Bb4 4. Nf3 b6 5. g3 Bxc3+ 6. bxc3 Bb7 7. Bg2 d6 8. O-O O-O 9. Re1 h6 10. Bh3 Re8 11. Qc2 e5 12. Nd2 Nc6 13. Bb2 e4 14. e3 Na5 15. c5 dxc5 16. dxc5 Qd3 17. Qxd3 exd3 18. f3 Ba6 19. e4 Nc4 20. Nxc4 Bxc4 21. c6 Rad8 22. Kf2 Re5 23. Bf1 Rc5 24. Rad1 Rxc6 25. Re3 Nd7 26. e5 Nc5 27. Ba3 Na4 28. Bxd3 Rxd3 29. Rdxd3 Bxd3 30. Rxd3 Rxc3 31. Rd8+ Kh7 32. Bf8 Rc2+ 33. Ke3 Rxa2 34. f4 Rc2 35. Rd7 Kg8 36. Rd8 Rc6 37. f5 Nc3 38. Kd3 Nb5 39. Be7+ Kh7 40. Rf8 Rc3+ 41. Kd2 Rf3 42. Rxf7 Nd4 43. g4 h5 44. Bf6 hxg4 45. Rxg7+ Kh6 46. Rg6+ Kh5 47. Rg5+ Kh6 48. Rg6+ Kh5 49. Rg5+ Kh6 50. Rg6+ Kh5 1/2-1/2

[Event "Azerbaijan Championship 2021"]
[Site "Nakhchivan"]
[Date "2021.05.07"]
[Round "4.6"]
[White "Asadli, Vugar"]
[Black "Sevdimaliyev, Urfan"]
[Result "1-0"]
[ECO "C10"]
[WhiteElo "2572"]
[BlackElo "2369"]
[Annotator "ChessBase"]
[PlyCount "41"]
[EventDate "2021.05.04"]
[EventType "tourn"]
[EventCountry "AZE"]
[SourceTitle "playchess.com"]
[Source "ChessBase"]
[SourceQuality "1"]
[TimeControl "40/5400+30:1800+30"]

1. e4 e6 2. d4 d5 3. Nc3 dxe4 4. Nxe4 Nd7 5. Nf3 Ngf6 6. Nxf6+ Nxf6 7. Be3 Nd5 8. Bd3 c5 9. O-O Bd6 10. dxc5 Nxe3 11. fxe3 Bxc5 12. Ne5 Bxe3+ 13. Kh1 Qd5 14. Nxf7 O-O 15. c4 Qc5 16. b4 Qe7 17. Qh5 Bh6 18. Nxh6+ gxh6 19. Rxf8+ Qxf8 20. Rf1 Qe7 21. Bxh7+ 1-0

[Event "Azerbaijan Championship 2021"]
[Site "Nakhchivan"]
[Date "2021.05.08"]
[Round "5.4"]
[White "Gadimbayli, Abdulla"]
[Black "Safarli, Eltaj"]
[Result "1/2-1/2"]
[ECO "B51"]
[WhiteElo "2470"]
[BlackElo "2598"]
[Annotator "ChessBase"]
[PlyCount "71"]
[EventDate "2021.05.04"]
[EventType "tourn"]
[EventCountry "AZE"]
[SourceTitle "playchess.com"]
[Source "ChessBase"]
[SourceQuality "1"]
[TimeControl "40/5400+30:1800+30"]

1. e4 c5 2. Nf3 d6 3. Bb5+ Nd7 4. O-O a6 5. Be2 Ngf6 6. d3 e6 7. a4 b6 8. Na3 Bb7 9. Bf4 Be7 10. Nc4 e5 11. Bg3 O-O 12. Nfd2 Re8 13. Ne3 Nf8 14. Nf5 Ne6 15. Nxe7+ Qxe7 16. Nc4 b5 17. Ne3 Nd4 18. c3 Nxe2+ 19. Qxe2 Qe6 20. Bh4 Nd7 21. Qf3 c4 22. axb5 axb5 23. dxc4 bxc4 24. Qf5 d5 25. Rad1 Nb6 26. Qxe6 fxe6 27. Bg3 d4 28. cxd4 Bxe4 29. Bxe5 Ra2 30. Rfe1 Bg6 31. Rc1 Bd3 32. Bc7 Na8 33. Be5 Nb6 34. Bc7 Na8 35. Be5 Nb6 36. Bc7 1/2-1/2

[Event "Azerbaijan Championship 2021"]
[Site "Nakhchivan"]
[Date "2021.05.08"]
[Round "5.5"]
[White "Garayev, Kanan"]
[Black "Asadli, Vugar"]
[Result "0-1"]
[ECO "D12"]
[WhiteElo "2331"]
[BlackElo "2572"]
[Annotator "ChessBase"]
[PlyCount "78"]
[EventDate "2021.05.04"]
[EventType "tourn"]
[EventCountry "AZE"]
[SourceTitle "playchess.com"]
[Source "ChessBase"]
[SourceQuality "1"]
[TimeControl "40/5400+30:1800+30"]

1. d4 d5 2. Nf3 Nf6 3. c4 c6 4. e3 Bf5 5. Nc3 a6 6. Bd3 Bxd3 7. Qxd3 e6 8. e4 Bb4 9. e5 Ne4 10. Bd2 Nxd2 11. Nxd2 c5 12. cxd5 cxd4 13. Qxd4 Nc6 14. Qf4 Bxc3 15. dxc6 g5 16. Qe3 Bxd2+ 17. Qxd2 Qxd2+ 18. Kxd2 O-O-O+ 19. Ke3 bxc6 20. Rac1 Kc7 21. Rc5 Rd5 22. Rxd5 exd5 23. h4 g4 24. Kf4 c5 25. Kg5 Re8 26. Kh6 Rxe5 27. h5 Kd7 28. Kxh7 Ke7 29. h6 d4 30. Rd1 a5 31. b3 Kf6 32. g3 Re6 33. Rc1 Rc6 34. a4 d3 35. f3 gxf3 36. Rf1 Rd6 37. Rxf3+ Kg5 38. Rf1 Rxh6+ 39. Kg7 Rd6 0-1

[Event "Azerbaijan Championship 2021"]
[Site "Nakhchivan"]
[Date "2021.05.08"]
[Round "5.6"]
[White "Sevdimaliyev, Urfan"]
[Black "Suleymanli, Aydin"]
[Result "0-1"]
[ECO "B12"]
[WhiteElo "2369"]
[BlackElo "2520"]
[Annotator "ChessBase"]
[PlyCount "74"]
[EventDate "2021.05.04"]
[EventType "tourn"]
[EventCountry "AZE"]
[SourceTitle "playchess.com"]
[Source "ChessBase"]
[SourceQuality "1"]
[TimeControl "40/5400+30:1800+30"]

1. e4 c6 2. d4 d5 3. e5 Bf5 4. Nf3 e6 5. Be2 Ne7 6. O-O Nd7 7. Nbd2 Ng6 8. Nb3 f6 9. Ne1 h5 10. f4 h4 11. Bg4 Ne7 12. Nd3 b6 13. a4 Rc8 14. a5 c5 15. axb6 axb6 16. dxc5 bxc5 17. Na5 c4 18. exf6 Nxf6 19. Nf2 Bxg4 20. Nxg4 Nf5 21. Nxf6+ gxf6 22. h3 Kf7 23. Kh2 Bb4 24. Bd2 Qb6 25. Bxb4 Qxb4 26. Qf3 c3 27. Nb3 cxb2 28. Ra7+ Ne7 29. f5 Qb8+ 30. Kh1 Qxa7 31. fxe6+ Kxe6 32. Qxf6+ Kd7 33. Nd4 Rh6 34. Qf4 Qa1 35. Nb3 Qa6 36. Qg4+ Re6 37. Re1 Rc4 0-1

[Event "Azerbaijan Championship 2021"]
[Site "Nakhchivan"]
[Date "2021.05.09"]
[Round "6.4"]
[White "Asadli, Vugar"]
[Black "Abbasov, Farid"]
[Result "1-0"]
[ECO "C10"]
[WhiteElo "2572"]
[BlackElo "2528"]
[Annotator "ChessBase"]
[PlyCount "75"]
[EventDate "2021.05.04"]
[EventType "tourn"]
[EventCountry "AZE"]
[SourceTitle "playchess.com"]
[Source "ChessBase"]
[SourceQuality "1"]
[TimeControl "40/5400+30:1800+30"]

1. e4 e6 2. d4 d5 3. Nc3 a6 4. a3 dxe4 5. Nxe4 Nd7 6. Nf3 Ngf6 7. Nxf6+ Nxf6 8. Bd3 c5 9. dxc5 Bxc5 10. b4 Bd6 11. Bb2 b6 12. O-O Bb7 13. Qe2 Qc7 14. Ne5 O-O 15. f4 a5 16. b5 Rfe8 17. Nc4 Bc5+ 18. Kh1 Rad8 19. Be5 Qe7 20. Rae1 Nd7 21. Bb2 f5 22. Qh5 Qf7 23. Qh3 Qg6 24. Re2 h5 25. Rfe1 Kf7 26. Re3 Bxe3 27. Rxe3 Qg4 28. Nd6+ Kf8 29. Qxg4 hxg4 30. Nxb7 Rb8 31. Nd6 Re7 32. a4 g6 33. Ba3 Kg8 34. Nxf5 Rh7 35. Ne7+ Kg7 36. Nxg6 Nc5 37. Bxc5 bxc5 38. Rxe6 1-0

[Event "Azerbaijan Championship 2021"]
[Site "Nakhchivan"]
[Date "2021.05.09"]
[Round "6.5"]
[White "Safarli, Eltaj"]
[Black "Muradli, Mahammad"]
[Result "1-0"]
[ECO "B90"]
[WhiteElo "2598"]
[BlackElo "2449"]
[Annotator "ChessBase"]
[PlyCount "55"]
[EventDate "2021.05.04"]
[EventType "tourn"]
[EventCountry "AZE"]
[SourceTitle "playchess.com"]
[Source "ChessBase"]
[SourceQuality "1"]
[TimeControl "40/5400+30:1800+30"]

1. e4 c5 2. Nf3 d6 3. d4 cxd4 4. Nxd4 Nf6 5. Nc3 a6 6. Be3 e5 7. Nf3 Qc7 8. a4 Be6 9. Be2 h6 10. O-O Nbd7 11. Ne1 Qc6 12. Nd3 d5 13. exd5 Nxd5 14. Nxd5 Bxd5 15. Bg4 Be6 16. Re1 Be7 17. Bxe6 Qxe6 18. Nf4 Qc6 19. Nd5 Bd8 20. Bf4 Bf6 21. Ra3 Rd8 22. Rc3 Qxa4 23. b3 Qa5 24. b4 Qa4 25. Rd3 Rc8 26. Qg4 Qxc2 27. Nxf6+ Nxf6 28. Qxg7 1-0

[Event "Azerbaijan Championship 2021"]
[Site "Nakhchivan"]
[Date "2021.05.09"]
[Round "6.6"]
[White "Sevdimaliyev, Urfan"]
[Black "Garayev, Kanan"]
[Result "1-0"]
[ECO "D03"]
[WhiteElo "2369"]
[BlackElo "2331"]
[Annotator "NA"]
[PlyCount "143"]
[EventDate "2021.05.04"]
[EventType "tourn"]
[EventCountry "AZE"]
[SourceTitle "playchess.com"]
[Source "ChessBase"]
[SourceQuality "1"]
[TimeControl "40/5400+30:1800+30"]

1. d4 Nf6 2. Nf3 d5 3. Bg5 Ne4 4. Bh4 Qd6 5. Nbd2 Qh6 6. Qc1 Nc6 7. c3 Bf5 8. Nxe4 Qxc1+ 9. Rxc1 Bxe4 10. e3 f6 11. Nd2 Bf5 12. f3 e6 13. Bf2 g5 14. h4 h5 15. hxg5 fxg5 16. g4 Bg6 17. gxh5 Bxh5 18. Bh3 Bf7 19. e4 Bd6 20. Be3 Bf4 21. Bxf4 gxf4 22. Kf2 Ke7 23. Rce1 Kf6 24. e5+ Ke7 25. Bg4 a5 26. Nb3 a4 27. Nc5 Na5 28. Rxh8 Rxh8 29. Kg1 Nc4 30. Nd3 Rg8 31. Kf2 Rh8 32. Kg1 b6 33. Re2 a3 34. b3 Ne3 35. Nxf4 Nxg4 36. fxg4 Rg8 37. Rg2 c5 38. g5 cxd4 39. cxd4 Bg6 40. Nxg6+ Rxg6 41. Kf2 Rg8 42. Ke3 Kf7 43. Rf2+ Kg6 44. Rf6+ Kxg5 45. Rxe6 Rh8 46. Rf6 Rh3+ 47. Rf3 Rh2 48. Rf2 Rh1 49. Kd2 Ra1 50. Kc3 Rc1+ 51. Rc2 Re1 52. Kb4 Re4 53. Kxa3 Rxd4 54. Rc6 b5 55. Rb6 Kf5 56. e6 Re4 57. Rxb5 Kxe6 58. Rb8 Ke5 59. b4 d4 60. Rd8 Re3+ 61. Ka4 d3 62. Ka5 Re2 63. Rxd3 Rxa2+ 64. Kb6 Ra8 65. b5 Rb8+ 66. Kc6 Rc8+ 67. Kb7 Rc1 68. b6 Ke6 69. Ka8 Rb1 70. b7 Ra1+ 71. Kb8 Ra2 72. Rd4 1-0

[Event "Azerbaijan Championship 2021"]
[Site "Nakhchivan"]
[Date "2021.05.10"]
[Round "7.2"]
[White "Iskandarov, Misratdin"]
[Black "Asadli, Vugar"]
[Result "1/2-1/2"]
[ECO "B10"]
[WhiteElo "2535"]
[BlackElo "2572"]
[Annotator "ChessBase"]
[PlyCount "73"]
[EventDate "2021.05.04"]
[EventType "tourn"]
[EventCountry "AZE"]
[SourceTitle "playchess.com"]
[Source "ChessBase"]
[SourceQuality "1"]
[TimeControl "40/5400+30:1800+30"]

1. e4 c6 2. Nc3 d5 3. Nf3 dxe4 4. Nxe4 Nf6 5. Nxf6+ exf6 6. d4 Bd6 7. Bd3 O-O 8. O-O Na6 9. c3 Bg4 10. h3 Bh5 11. Be4 Re8 12. Qd3 Bg6 13. Bxg6 hxg6 14. b4 Nc7 15. a4 Qd7 16. Bd2 a6 17. c4 Rad8 18. a5 g5 19. Rfe1 g4 20. hxg4 Qxg4 21. Rxe8+ Rxe8 22. Re1 Rxe1+ 23. Bxe1 Ne6 24. Bd2 f5 25. d5 Qe4 26. Qxe4 fxe4 27. dxe6 exf3 28. exf7+ Kxf7 29. gxf3 Ke6 30. Kf1 Kf5 31. Ke2 Be7 32. Bc3 g6 33. Bd2 Bd6 34. Bc3 Be7 35. Bd2 Bd6 36. Bc3 Be7 37. Bd2 1/2-1/2

[Event "Azerbaijan Championship 2021"]
[Site "Nakhchivan"]
[Date "2021.05.10"]
[Round "7.6"]
[White "Abbasov, Farid"]
[Black "Sevdimaliyev, Urfan"]
[Result "1-0"]
[ECO "E04"]
[WhiteElo "2528"]
[BlackElo "2369"]
[Annotator "ChessBase"]
[PlyCount "55"]
[EventDate "2021.05.04"]
[EventType "tourn"]
[EventCountry "AZE"]
[SourceTitle "playchess.com"]
[Source "ChessBase"]
[SourceQuality "1"]
[TimeControl "40/5400+30:1800+30"]

1. c4 e6 2. d4 Nf6 3. g3 d5 4. Bg2 dxc4 5. Nf3 a6 6. O-O Nc6 7. e3 Rb8 8. Qe2 b5 9. b3 cxb3 10. axb3 Be7 11. Bb2 Bb7 12. Rd1 Nb4 13. Bc3 O-O 14. Ne5 Bxg2 15. Kxg2 Qd5+ 16. f3 Qb7 17. Bxb4 Bxb4 18. Rc1 c5 19. Nd3 a5 20. dxc5 Rfc8 21. Ra2 Qd5 22. e4 Qd4 23. Rac2 Rc6 24. Rd1 g5 25. Nxb4 Qxb4 26. Qe3 h6 27. Rd4 Rxc5 28. Rxc5 1-0

[Event "Azerbaijan Championship 2021"]
[Site "Nakhchivan"]
[Date "2021.05.11"]
[Round "8.3"]
[White "Suleymanli, Aydin"]
[Black "Safarli, Eltaj"]
[Result "1/2-1/2"]
[ECO "A46"]
[WhiteElo "2520"]
[BlackElo "2598"]
[Annotator "ChessBase"]
[PlyCount "81"]
[EventDate "2021.05.04"]
[EventType "tourn"]
[EventCountry "AZE"]
[SourceTitle "playchess.com"]
[Source "ChessBase"]
[SourceQuality "1"]
[TimeControl "40/5400+30:1800+30"]

1. d4 Nf6 2. Nf3 e6 3. Bf4 d5 4. e3 Bd6 5. Bg3 O-O 6. Nbd2 b6 7. Bd3 c5 8. c3 Ba6 9. Bxa6 Nxa6 10. Ne5 Bxe5 11. dxe5 Nd7 12. e4 c4 13. b4 cxb3 14. axb3 Nac5 15. exd5 Nxe5 16. dxe6 Ncd3+ 17. Kf1 fxe6 18. Qe2 Qd5 19. Kg1 Nf4 20. Bxf4 Rxf4 21. h3 Raf8 22. f3 Qc5+ 23. Qf2 Qc7 24. Qe3 R4f6 25. Kf2 Rg6 26. Ne4 Nd7 27. Ra2 Nc5 28. Nxc5 Qg3+ 29. Kf1 bxc5 30. h4 Rgf6 31. Rf2 Qg6 32. Rb2 Rf4 33. Re2 Kh8 34. Kf2 Qf6 35. Qe5 Rxf3+ 36. gxf3 Qxf3+ 37. Kg1 Qf1+ 38. Kh2 Rf2+ 39. Rxf2 Qxf2+ 40. Kh3 Qf3+ 41. Kh2 1/2-1/2

[Event "Azerbaijan Championship 2021"]
[Site "Nakhchivan"]
[Date "2021.05.11"]
[Round "8.5"]
[White "Sevdimaliyev, Urfan"]
[Black "Iskandarov, Misratdin"]
[Result "0-1"]
[ECO "A48"]
[WhiteElo "2369"]
[BlackElo "2535"]
[Annotator "ChessBase"]
[PlyCount "128"]
[EventDate "2021.05.04"]
[EventType "tourn"]
[EventCountry "AZE"]
[SourceTitle "playchess.com"]
[Source "ChessBase"]
[SourceQuality "1"]
[TimeControl "40/5400+30:1800+30"]

1. d4 Nf6 2. Nf3 g6 3. Bg5 Bg7 4. Nbd2 O-O 5. c3 d5 6. e3 c5 7. Bd3 b6 8. O-O Nc6 9. Qe2 Bb7 10. Rad1 Qc7 11. Bf4 Qc8 12. h3 Nd7 13. Bb5 a6 14. Ba4 b5 15. Bb3 c4 16. Bc2 f5 17. Nh2 Re8 18. Ndf3 e5 19. dxe5 Ncxe5 20. Nxe5 Nxe5 21. Bxe5 Rxe5 22. Nf3 Re7 23. Qd2 Qc5 24. h4 Rae8 25. Nd4 a5 26. a3 Bc8 27. h5 Qb6 28. hxg6 hxg6 29. Nf3 Rd8 30. Rfe1 Bf6 31. Nd4 Bd7 32. Qe2 Be8 33. Qf3 b4 34. axb4 axb4 35. Ne2 Bf7 36. Qg3 Be5 37. Qg5 Kf8 38. Bb1 bxc3 39. bxc3 Qf6 40. Qh6+ Kg8 41. Nd4 Be8 42. f4 Bxd4 43. exd4 Rh7 44. Qg5 Qxg5 45. fxg5 Rh5 46. Re7 Rxg5 47. Rde1 Bf7 48. Kf2 Rb8 49. g3 Rh5 50. Kg2 Kg7 51. Bc2 Rb2 52. R1e2 Rh8 53. Ba4 Rxe2+ 54. Rxe2 Rb8 55. Re5 Rb6 56. Kf2 Kf6 57. Ke3 g5 58. Bc2 Be6 59. Kd2 Rb8 60. Ba4 Rh8 61. Bc6 Rh3 62. Re3 Bf7 63. Bb7 g4 64. Ke1 f4 0-1

[Event "Azerbaijan Championship 2021"]
[Site "Nakhchivan"]
[Date "2021.05.12"]
[Round "9.1"]
[White "Safarli, Eltaj"]
[Black "Mamedov, Nidjat"]
[Result "1-0"]
[ECO "C26"]
[WhiteElo "2598"]
[BlackElo "2609"]
[Annotator "ChessBase"]
[PlyCount "59"]
[EventDate "2021.05.04"]
[EventType "tourn"]
[EventCountry "AZE"]
[SourceTitle "playchess.com"]
[Source "ChessBase"]
[SourceQuality "1"]
[TimeControl "40/5400+30:1800+30"]

1. e4 e5 2. Nc3 Nf6 3. d4 exd4 4. Qxd4 Nc6 5. Qd3 Bc5 6. Bf4 d6 7. Qd2 O-O 8. O-O-O Re8 9. f3 Be6 10. Nge2 Qe7 11. Kb1 a6 12. h4 h6 13. Nd5 Bxd5 14. exd5 Ne5 15. Ng3 Ng6 16. Nf5 Qf8 17. Bg5 Nh7 18. g4 Ne5 19. Qg2 b5 20. Bc1 Nc4 21. Bd3 Ne3 22. Bxe3 Bxe3 23. g5 Kh8 24. gxh6 Bxh6 25. Nxh6 gxh6 26. Rhg1 Nf6 27. Qd2 Re5 28. f4 Rxd5 29. Qc3 Qd8 30. Rde1 1-0

[Event "Azerbaijan Championship 2021"]
[Site "Nakhchivan"]
[Date "2021.05.12"]
[Round "9.2"]
[White "Durarbayli, Vasif"]
[Black "Abasov, Nijat"]
[Result "1/2-1/2"]
[ECO "A35"]
[WhiteElo "2606"]
[BlackElo "2665"]
[Annotator "ChessBase"]
[PlyCount "55"]
[EventDate "2021.05.04"]
[EventType "tourn"]
[EventCountry "AZE"]
[SourceTitle "playchess.com"]
[Source "ChessBase"]
[SourceQuality "1"]
[TimeControl "40/5400+30:1800+30"]

1. c4 c5 2. Nc3 Nc6 3. Nf3 g6 4. e3 Nf6 5. d4 cxd4 6. exd4 d5 7. cxd5 Nxd5 8. Qb3 e6 9. Bb5 Bg7 10. Bg5 Qb6 11. Qa3 f6 12. Nxd5 exd5 13. Bxc6+ bxc6 14. O-O Kf7 15. Rfe1 Bf8 16. Qe3 fxg5 17. Qe8+ Kg7 18. Re7+ Bxe7 19. Qxe7+ Kg8 20. Re1 Bf5 21. Nxg5 Rf8 22. Ne6 Bxe6 23. Qxe6+ Rf7 24. Qe8+ Kg7 25. Qe5+ Kg8 26. Qe8+ Kg7 27. Qe5+ Kg8 28. Qe8+ 1/2-1/2